Map: Eastwatch LE

Players

ConTroll

  • Race: Terran Terran
  • Spawn Location: 1:00

ILIEKEGGPIE - Winner!

  • Race: Protoss Protoss
  • League: Platinum
  • Spawn Location: 7:00

VOD

Have the link to the VOD?

Description

Time

  • Played on: April 12, 2018, 12:35 a.m.
  • Length: 22:54
Show
View Real Time Build Order
Export as new Build Order

ConTroll Terran 

Build Orders:  

Get SALT Encoding   

  12  0:01  SCV  
  13  0:13  SCV  
  14  0:17  Supply Depot  
  14  0:25  SCV  
  15  0:39  SCV  
  15  0:40  Barracks  
  16  0:46  Refinery  
  16  0:52  SCV  
  17  1:04  SCV  
  18  1:13  Supply Depot  
  18  1:16  SCV  
  19  1:29  Reaper, SCV  
  21  1:41  SCV  
  23  1:56  Orbital Command  
  22  2:01  Marine  
  23  2:15  Command Center  
  23  2:19  Engineering Bay  
  23  2:56  Barracks Reactor  
  23  3:08  Bunker  
  23  3:16  SCV, Factory  
  24  3:24  Refinery  
  24  3:33  Marine x2  
  26  3:39  SCV  
  27  3:51  Marine x2, SCV  
  30  3:57  Orbital Command  
  30  4:01  Widow Mine  
  32  4:03  SCV  
  32  4:07  Starport  
  32  4:09  Marine  
  33  4:13  Supply Depot  
  33  4:17  SCV  
  33  4:22  Barracks  
  34  4:24  Engineering Bay, Barracks  
  34  4:25  Widow Mine  
  36  4:33  Marine x2  
  36  4:36  SCV  
  39  4:48  SCV  
  39  4:58  Medivac  
  41  5:01  Supply Depot  
  41  5:04  Marine x2  
  43  5:40  Supply Depot  
  43  5:53  SCV  
  44  6:05  SCV  
  45  6:11  Barracks Tech Lab x2  
  45  6:13  Starport Reactor  
  45  6:14  Widow Mine  
  45  6:16  Supply Depot  
  47  6:18  Terran Infantry Weapons Level 1  
  47  6:20  Supply Depot  
  47  6:25  Supply Depot  
  47  6:28  SCV  
  47  6:31  Command Center  
  47  6:32  Missile Turret  
  37  7:05  Supply Depot  
  36  7:24  Supply Depot  
  36  7:25  SCV  
  37  7:30  Stimpack  
  37  7:31  Combat Shields  
  37  7:34  Marine x2  
  37  7:36  Medivac x2  
  43  7:40  Widow Mine  
  43  7:43  Marine x2  
  47  7:48  Orbital Command  
  47  7:50  SCV  
  48  7:55  Missile Turret  
  48  7:56  Liberator  
  48  7:58  Refinery  
  48  8:01  Widow Mine  
  50  8:05  Missile Turret  
  50  8:13  Terran Infantry Armor Level 1  
  53  8:20  Engineering Bay, Barracks  
  53  8:21  Barracks  
  53  8:22  Barracks  
  53  8:23  Armory  
  53  8:24  SCV  
  54  8:27  Supply Depot  
  54  8:48  Supply Depot  
  54  8:53  Marine x4  
  54  8:55  Orbital Command  
  58  9:00  Concussive Shells  
  58  9:05  Factory Tech Lab  
  58  9:07  SCV  
  59  9:11  Marine x4  
  63  9:17  Terran Infantry Weapons Level 2  
  63  9:28  Supply Depot, Marine x2  
  63  9:31  SCV  
  66  9:33  SCV  
  66  9:38  SCV  
  68  9:43  SCV  
  68  9:44  Marine x3  
  68  9:45  SCV  
  73  9:55  Marine x4, SCV  
  73  9:57  SCV  
  73  9:58  SCV  
  80  10:02  Marine x3  
  83  10:07  SCV  
  87  10:14  Liberator x2  
  84  10:17  Marine x4, SCV  
  84  10:18  SCV  
  84  10:19  Marine, SCV  
  84  10:20  Marine x2  
  90  10:29  SCV  
  90  10:31  SCV  
  90  10:34  Marine  
  90  10:35  Marine  
  98  10:38  Marine x2  
  99  10:53  Widow Mine  
  94  11:09  Liberator x2  
  94  11:10  SCV  
  95  11:14  Siege Tank  
  98  11:22  Missile Turret  
  98  11:28  Barracks Reactor, Barracks Tech Lab  
  104  11:47  Marauder, Marine x3  
  104  11:48  Marauder x2  
  113  12:05  Marine x3  
  116  12:09  Marauder x3  
  122  12:23  Marine  
  119  12:32  Siege Tank  
  119  12:33  Medivac  
  124  12:37  SCV  
  124  12:38  SCV  
  126  12:49  Marine x3  
  126  12:50  Marine x3, SCV x2  
  134  12:56  Supply Depot  
  134  12:57  Supply Depot, Terran Infantry Armor Level 2  
  134  12:58  Marine x2, Supply Depot  
  136  13:02  SCV  
  137  13:07  Marine x4  
  141  13:30  Siege Tank  
  144  13:37  Liberator  
  144  13:38  SCV  
  144  13:39  Marine x4  
  149  13:47  Missile Turret  
  149  13:53  Supply Depot  
  152  14:11  Marine x2, SCV  
  147  15:26  Marauder, Marine x5  
  147  15:27  Marauder x2  
  156  15:44  Marine x5  
  156  15:48  Marauder x3  
  166  16:01  Marine  
  166  16:02  Marine x4  
  171  16:09  Marauder x3  
  159  16:19  Marine x3  
  159  16:20  Marine x2  
  163  16:30  Marauder  
  163  16:31  Marauder x2  
  152  16:46  Marine x5  
  120  16:47  Liberator  
  120  16:52  Marauder x3  
  115  17:03  Medivac  
  115  17:04  Marine x3  
  115  17:05  Siege Tank  
  126  17:13  Marauder x2  
  126  17:14  Marauder  
  132  17:15  Liberator  
  132  17:16  Command Center  
  128  17:35  Marauder x3  
  137  17:44  Command Center  
  137  17:48  Siege Tank  
  140  17:56  Marauder  
  142  18:08  Medivac  
  144  18:15  Starport  
  144  18:38  Missile Turret  
  143  18:58  Orbital Command  
  142  19:25  SCV  
  143  19:42  Viking x2  
  143  19:43  Viking  
  147  20:07  Command Center  
  147  20:12  Viking  
  149  20:19  Missile Turret  
  149  20:32  Refinery  
  149  20:42  Viking  
  151  20:55  Siege Tank  
  124  21:26  Marine x3  
  127  21:38  Missile Turret  
  127  22:04  Orbital Command  
  127  22:14  Starport Tech Lab  
Show
View Real Time Build Order
Export as new Build Order

ILIEKEGGPIE Protoss - Winner!

Build Orders:  

Get SALT Encoding   

  12  0:01  Probe  
  13  0:13  Probe  
  14  0:21  Pylon  
  14  0:25  Probe  
  15  0:40  Gateway  
  15  0:41  Probe (Chrono Boost)  
  16  0:52  Gateway  
  16  0:54  Probe  
  17  1:01  Assimilator  
  17  1:09  Probe (Chrono Boost)  
  18  1:21  Probe (Chrono Boost)  
  19  1:29  Cybernetics Core  
  19  1:47  Nexus  
  19  1:56  Probe  
  19  1:58  Assimilator  
  19  2:06  Adept  
  21  2:15  Adept  
  23  2:59  Probe  
  23  3:01  Warp Gate (Chrono Boost)  
  24  3:06  Adept x2  
  24  3:11  Probe  
  29  3:23  Probe  
  29  3:26  Gateway  
  30  3:30  Pylon  
  30  3:33  Adept  
  32  3:34  Pylon  
  32  3:35  Probe  
  34  3:48  Probe (Chrono Boost)  
  34  3:57  Robotics Facility, Probe (Chrono Boost)  
  36  4:04  Stalker  
  36  4:05  Stalker, Probe (Chrono Boost)  
  36  4:07  Probe (Chrono Boost)  
  41  4:12  Probe (Chrono Boost)  
  41  4:13  Probe (Chrono Boost)  
  41  4:16  Stalker  
  45  4:23  Probe (Chrono Boost)  
  47  4:27  Pylon  
  47  4:29  Probe (Chrono Boost)  
  47  4:31  Probe (Chrono Boost)  
  48  4:37  Probe  
  48  4:38  Probe  
  50  4:49  Probe  
  51  4:57  Probe  
  51  4:59  Assimilator  
  52  5:01  Probe  
  52  5:04  Assimilator  
  52  5:05  Robotics Bay  
  53  5:14  Observer (Chrono Boost)  
  54  5:23  Stalker x2  
  58  5:52  Stalker x2  
  58  5:56  Pylon  
  62  5:57  Pylon  
  62  5:58  Shield Battery  
  62  6:09  Pylon  
  62  6:20  Observer (Chrono Boost)  
  63  6:31  Probe x2  
  65  7:00  Gateway  
  65  7:03  Gateway  
  65  7:04  Gateway  
  59  7:12  Colossus (Chrono Boost)  
  59  7:13  Probe (Chrono Boost)  
  61  7:17  Extended Thermal Lance  
  61  7:19  Probe (Chrono Boost)  
  67  7:26  Probe (Chrono Boost), Forge  
  67  7:28  Forge  
  67  7:29  Pylon  
  68  7:38  Nexus  
  68  7:41  Pylon  
  68  7:43  Pylon  
  68  7:48  Pylon  
  68  7:52  Probe x2  
  70  8:03  Stalker x4  
  70  8:04  Sentry x2  
  82  8:25  Gateway x2  
  82  8:27  Shield Battery  
  82  8:29  Stalker x2  
  82  8:30  Zealot x2  
  82  8:31  Zealot, Shield Battery  
  82  8:33  Protoss Ground Weapons Level 1 (Chrono Boost)  
  92  8:36  Protoss Ground Armor Level 1 (Chrono Boost)  
  92  8:38  Twilight Council  
  92  8:40  Colossus (Chrono Boost)  
  98  8:58  Probe (Chrono Boost)  
  101  9:04  Probe x2 (Chrono Boost)  
  101  9:22  Probe (Chrono Boost)  
  101  9:23  Probe (Chrono Boost)  
  104  9:27  Probe (Chrono Boost)  
  105  9:31  Assimilator  
  105  9:32  Probe (Chrono Boost)  
  105  9:33  Pylon  
  105  9:36  Assimilator, Probe (Chrono Boost)  
  105  10:08  Photon Cannon  
  105  10:11  Stalker x3  
  108  10:15  Stalker x2  
  108  10:16  Stalker x2  
  109  11:00  Colossus  
  101  11:16  Protoss Ground Armor Level 2, Probe x3, Protoss Ground Weapons Level 2  
  104  11:32  Robotics Facility  
  104  11:34  Robotics Facility  
  104  11:43  Gateway  
  104  11:46  Gateway, Photon Cannon x2  
  104  11:51  Pylon  
  104  11:56  Colossus (Chrono Boost)  
  104  11:58  Robotics Facility  
  110  12:11  Photon Cannon  
  110  12:13  Photon Cannon  
  110  12:17  Photon Cannon  
  110  12:37  Colossus (Chrono Boost)  
  110  12:38  Colossus (Chrono Boost)  
  110  12:42  Charge (Chrono Boost)  
  122  12:50  Pylon  
  128  12:52  Colossus (Chrono Boost)  
  128  12:54  Pylon  
  128  12:56  Pylon  
  128  13:15  Colossus  
  134  13:24  Colossus  
  140  13:31  Colossus  
  146  14:14  Colossus  
  152  14:29  Stalker x3  
  152  14:30  Zealot x4  
  152  14:31  Zealot x3  
  171  15:16  Gateway  
  171  15:17  Gateway  
  171  15:24  Pylon  
  171  15:26  Colossus  
  171  15:30  Photon Cannon  
  171  15:41  Pylon  
  165  15:46  Pylon  
  165  15:55  Pylon  
  157  15:59  Pylon  
  156  16:05  Pylon  
  143  16:15  Pylon  
  108  16:58  Cybernetics Core  
  108  17:38  Pylon  
  108  17:39  Pylon  
  108  17:40  Pylon  
  108  17:42  Pylon  
  108  17:44  Pylon  
  108  17:45  Pylon  
  108  18:30  Probe  
  107  19:23  Nexus  
  107  19:24  Pylon  
  107  19:27  Pylon  
  107  19:29  Nexus  
  107  19:32  Pylon x2  
  107  19:39  Stargate  
  107  19:43  Stargate  
  107  20:24  Pylon  
  107  20:25  Stargate  
  107  20:26  Pylon  
  107  20:29  Pylon  
  107  20:34  Pylon  
  107  20:37  Nexus  
  107  20:45  Probe (Chrono Boost)  
  107  20:46  Probe (Chrono Boost)  
  107  20:49  Void Ray x2  
  113  20:55  Probe x2 (Chrono Boost)  
  119  20:59  Probe (Chrono Boost)  
  119  21:00  Probe (Chrono Boost)  
  119  21:03  Cybernetics Core  
  125  21:34  Zealot  
  125  21:35  Zealot x3  
  125  21:39  Void Ray x2 (Chrono Boost)  
  133  21:42  Void Ray (Chrono Boost)  
  141  22:11  Assimilator  
  141  22:12  Void Ray (Chrono Boost), Probe (Chrono Boost)  
  141  22:13  Assimilator, Pylon  
  141  22:14  Pylon  
  151  22:15  Void Ray (Chrono Boost)  
  151  22:17  Probe (Chrono Boost)  
  151  22:21  Probe (Chrono Boost)  
  156  22:25  Probe (Chrono Boost)  
Tags
 
League
Platinum
Matchup
PvT
Replay Pack
Multi
Spawn Locations
Cross Positions
Add a new tag
Caveats
  • Supply blocks, unpowered buildings, or Contaminate may cause inaccurate times.
  • Supply counts are checked every 10 seconds.